 Dungeon Crawl Stone Soup version 0.24-a0-520-g8fd06ad0bc (webtiles) character file.

Game seed: 17690665385671341269

1843 DasRunzen the Skirmisher (level 8, -6/73 HPs)
             Began as a Black Draconian Berserker on July 24, 2019.
             Was a Priest of Trog.
             Mangled by a wight
             ... wielding a +2 battleaxe of freezing
              (16 damage)
             ... on level 6 of the Dungeon.
             The game lasted 00:10:31 (6691 turns).

DasRunzen the Skirmisher (DrBe)                     Turns: 6691, Time: 00:10:31

Health: -6/73      AC:  7    Str: 21    XL:     8   Next: 87%
Magic:  8/8        EV: 14    Int:  8    God:    Trog [***...]
Gold:   298        SH:  4    Dex: 11    Spells: 7/7 levels left

rFire    . . .     SeeInvis .   t - +2 spear (venom)
rCold    . . .     Gourm    .   f - +0 buckler
rNeg     . . .     Faith    .   (armour unavailable)
rPois    .         Spirit   .   (helmet restricted)
rElec    +         Reflect  .   (no cloak)
rCorr    +         Harm     .   o - +0 pair of gloves
MR       ++...                  (no boots)
Stlth    +.........             (no amulet)
HPRegen  1.22/turn              s - ring of flight
MPRegen  0.11/turn              m - ring of resist corrosion

@: regenerating, lightly drained
A: breathe lightning, unfitting armour, electricity resistance, cold-blooded, AC
+6
a: Breathe Lightning, Berserk, Trog's Hand, Renounce Religion, Evoke Flight


You were on level 6 of the Dungeon.
You worshipped Trog.
Trog was most pleased with you.
You were hungry.

You visited 2 branches of the dungeon, and saw 7 of its levels.

You collected 298 gold pieces.

Inventory:

Hand Weapons
 a - a +2 hand axe
 t - a +2 spear of venom (weapon)
Armour
 f - a +0 buckler (worn)
 o - a +0 pair of gloves (worn)
Jewellery
 m - a ring of resist corrosion (right hand)
 s - a ring of flight (left hand)
Wands
 k - a wand of enslavement (8)
 p - a wand of acid (12)
Scrolls
 g - a scroll of remove curse
 h - a scroll of magic mapping
 j - 2 scrolls of fear
Potions
 c - 3 potions of curing
 d - 2 potions of might
 e - 2 potions of heal wounds
 i - 3 potions of lignification
 l - a potion of brilliance {unknown}
 n - a potion of magic {unknown}
 q - a potion of ambrosia {unknown}
 r - a potion of agility {unknown}
Comestibles
 b - 10 rations


   Skills:
 + Level 7.4(6.8) Fighting
 + Level 6.7(6.3) Axes
 + Level 2.1(4.2) Polearms
 + Level 6.1(5.5) Dodging
 + Level 3.9(3.4) Shields


You had 7 spell levels left.
You didn't know any spells.
Your spell library was empty.

Dungeon Overview and Level Annotations

Branches:
Dungeon (6/15)             Temple (1/1) D:5

Altars:
Ashenzari
Cheibriados
Dithmenos
Elyvilon
Fedhas
Hepliaklqana
Kikubaaqudgha
Nemelex Xobeh
Okawaru
Qazlal
Ru
Sif Muna
Trog
Uskayaw
Vehumet
Xom
Yredelemnul
Zin
The Shining One

Annotations:
D:6 1 runed translucent door, Crazy Yiuf


Innate Abilities, Weirdness & Mutations

You can breathe wild blasts of lightning.
Your glossy black scales are hard. (AC +6)
You cannot fit into any form of body armour.
You are resistant to electric shocks. (rElec)
You are cold-blooded and may be slowed by cold attacks.


Message History

The wight completely misses you. You block the wight's attack.
You hit the wight but do no damage.
The wight is severely damaged.
The wight hits you with a +2 battleaxe of freezing!
The wight freezes you!
* * * LOW HITPOINT WARNING * * *
The wight hits you with a +3 great sword of freezing.
* * * LOW HITPOINT WARNING * * *
You feel drained.
* * * LOW HITPOINT WARNING * * *
You feel yourself slow down. The wight freezes you.
* * * LOW HITPOINT WARNING * * *
The wight barely misses you.
There is a stone staircase leading down here.
You feel yourself speed up.
Your skin crawls.
You feel resistant to hostile enchantments.
You are feeling hungry.
The wight hits you with a +2 battleaxe of freezing!
You die...

####### ## ### #.##..###
##.#
..####....#.#####z###
#..........#....@#>z###
###.........#....##...#
##.............####....#
##...............# #....
##...##...........# ...
#...###............# ..
...## ##...........#
.### #....##...... ##
...#


You could see a wight.

Vanquished Creatures
  Grinder (D:3)
  Sigmund (D:6)
  2 orc warriors (D:6)
  An ice beast (D:5)
  5 ogres
  A bullfrog (D:5)
  A gnoll sergeant (D:6)
  A wight (D:6)
  A howler monkey (D:6)
  A centaur zombie (D:6)
  2 orc priests
  A bullfrog skeleton (D:6)
  4 orc wizards
  2 iguanas
  Ijyb (D:5)
  3 worker ants
  2 hound skeletons
  5 adders
  4 gnolls (D:6)
  An ooze (D:2)
  2 worms (D:2)
  A dart slug (D:2)
  A leopard gecko (D:4)
  17 orcs
  A ball python (D:4)
  6 giant cockroaches
  4 goblins
  4 hobgoblins
  12 jackals
  6 kobolds
  A quokka (D:2)
  9 bats
  6 frilled lizards
  8 rats
118 creatures vanquished.

Vanquished Creatures (others)
  6 plants (D:6)
6 creatures vanquished.

Grand Total: 124 creatures vanquished

Notes
Turn   | Place    | Note
-------+----------+-------------------------------------------
     0 | D:1      | DasRunzen the Draconian Berserker began the quest for the
                  | Orb.
     0 | D:1      | Reached XP level 1. HP: 19/19 MP: 1/1
   672 | D:1      | Reached XP level 2. HP: 26/26 MP: 2/2
  1037 | D:2      | Reached XP level 3. HP: 25/33 MP: 3/3
  1055 | D:2      | Reached ** piety under Trog
  1198 | D:2      | Found a sparkling altar of Nemelex Xobeh.
  1202 | D:2      | Found a radiant altar of Vehumet.
  1224 | D:2      | Found a stormy altar of Qazlal.
  1353 | D:2      | Reached skill level 4 in Fighting
  1695 | D:3      | Noticed Grinder
  1700 | D:3      | Paralysed by Grinder for 5 turns
  1713 | D:3      | Killed Grinder
  1713 | D:3      | Reached XP level 4. HP: 23/41 MP: 4/4
  1713 | D:3      | Reached XP level 5. HP: 27/47 MP: 5/5
  1755 | D:3      | Reached skill level 5 in Fighting
  1950 | D:3      | Reached XP level 6. HP: 37/56 MP: 6/6
  2606 | D:4      | Found a sacrificial altar of Ru.
  2649 | D:4      | Found a snail-covered altar of Cheibriados.
  2675 | D:4      | Reached skill level 5 in Axes
  2945 | D:4      | Your scales start taking on a glossy black colour.
  2945 | D:4      | Reached XP level 7. HP: 26/62 MP: 7/7
  2945 | D:4      | Gained mutation: You are resistant to electric shocks.
                  | (rElec) [Black Draconian growth]
  3149 | D:4      | Found an iron altar of Okawaru.
  3414 | D:4      | Reached skill level 1 in Shields
  3820 | D:5      | Entered Level 5 of the Dungeon
  3905 | D:5      | Found a blossoming altar of Fedhas.
  4182 | D:5      | Noticed Ijyb
  4195 | D:5      | Killed Ijyb
  4254 | D:5      | Reached *** piety under Trog
  4261 | D:5      | Reached skill level 6 in Fighting
  4261 | D:5      | Reached skill level 5 in Dodging
  5062 | D:5      | Found a staircase to the Ecumenical Temple.
  5071 | Temple   | Entered the Ecumenical Temple
  5292 | D:6      | Reached XP level 8. HP: 56/71 MP: 8/8
  6206 | D:6      | Reached skill level 7 in Fighting
  6209 | D:6      | Noticed Sigmund
  6214 | D:6      | Reached skill level 1 in Polearms
  6526 | D:6      | Received a gift from Trog
  6540 | D:6      | Killed Sigmund
  6546 | D:6      | Identified the Incunabulum of Necromancy and Confrontation
  6570 | D:6      | Found a runed translucent door.
  6573 | D:6      | Noticed Crazy Yiuf
  6591 | D:6      | Found a bloodstained altar of Trog.
  6691 | D:6      | Mangled by a wight

Levels and vault maps discovered:
D:1:      dpeg_arrival_simpleton_a, layout_basic
D:2:      layout_rooms, minitemple
D:3:      minmay_inner_zag, layout_basic, uniq_grinder
D:4:      layout_basic, nicolae_overflow_hidden_temple,
          nicolae_ru_great_annihilating_truth, first_ration, okawaru_gym_becter
D:5:      layout_basic, temple_hall, basic_altar, minivault_25, uniq_ijyb
D:6:      layout_layer_cave, lemuel_doored_altar, gammafunk_ghost_gnarly_gnolls,
          serial_shops, nicolae_shop_waterfront, grunt_ministairs_1,
          uniq_sigmund, uniq_crazy_yiuf_cottage
Temple:   jpeg_temple_clearing

Skill      XL: |  1  2  3  4  5  6  7  8 |
---------------+-------------------------+-----
Dodging        | 3 4 5 6 |  6.1
Fighting       | 4 5 6 7 |  7.4
Axes           | 4 5 6 |  6.7
Shields        | 2 3 |  3.9
Polearms       | 2 |  2.1

Action                   |  1- 3 |  4- 6 |  7- 9 || total
-------------------------+-------+-------+-------++-------
Melee: Hand axe          |   137 |    82 |   146 ||   365
       Tailslap          |    17 |     7 |    40 ||    64
       Spear             |       |       |   104 ||   104
Invok: Berserk           |     1 |       |     1 ||     2
       Trog's Hand       |       |       |     1 ||     1
  Use: Scroll            |     7 |     2 |     3 ||    12
 Stab: Sleeping          |     1 |     1 |       ||     2
       Paralysed         |       |     2 |       ||     2
  Eat: Chunk             |     2 |     6 |    12 ||    20
Armor: Skin              |    43 |    17 |    54 ||   114
Dodge: Dodged            |   106 |    56 |   142 ||   304
Block: Buckler           |       |       |    51 ||    51

Table legend:
 A = Non-vault XP
 B = Vault XP
 C = Vault XP percentage of total XP
 D = Non-vault monster count
 E = Vault monster count
 F = Vault count percentage of total count
                 A         B        C        D         E       F
            +---------+---------+-------+---------+---------+-------
      Total |    1997 |     636 |  24.2 |     104 |      14 |  11.9
            +---------+---------+-------+---------+---------+-------
        D:1 |      14 |       0 |   0.0 |       9 |       0 |   0.0
        D:2 |      61 |       0 |   0.0 |      23 |       0 |   0.0
        D:3 |      34 |     274 |  89.0 |      11 |       6 |  35.3
        D:4 |     487 |      46 |   8.6 |      21 |       4 |  16.0
        D:5 |     716 |      36 |   4.8 |      18 |       1 |   5.3
        D:6 |     685 |     280 |  29.0 |      22 |       3 |  12.0
            +---------+---------+-------+---------+---------+-------
